 Dungeon Crawl Stone Soup version 0.28.0 (webtiles) character file.

Game seed: 13094759494632734989

133 Armakuni the Vexing (level 5, -2/63 HPs)
             Began as a Human Enchanter on Feb 9, 2022.
             Killed from afar by Robin (8 damage)
             ... with a puff of flame
             ... on level 2 of the Dungeon.
             The game lasted 00:07:40 (3783 turns).

Armakuni the Vexing (Human Enchanter)               Turns: 3783, Time: 00:07:41

Health: -2/63      AC: 22    Str: 10    XL:     5   Next: 40%
Magic:  8/8        EV:  2    Int: 16    God:
Gold:   42         SH:  0    Dex: 13    Spells: 2/8 levels left

rFire   . . .      SeeInvis .   a - +1 dagger
rCold   . . .      Faith    .   (no shield)
rNeg    . . .      Spirit   .   (armour currently unavailable)
rPois   +          Reflect  .   (helmet currently unavailable)
rElec   .          Harm     .   (cloak currently unavailable)
rCorr   .          Rampage  .   (gloves currently unavailable)
Will    .....      NoTele   +   (boots currently unavailable)
Stlth   ++........              (no amulet)
HPRegen 0.20/turn               (no ring)
MPRegen 0.11/turn               (no ring)

@: tree-form, invisible
A: stationary, stasis, torment immunity, boosted hp
a: no special abilities


You were on level 2 of the Dungeon.
You were a tree.
You visited 1 branch of the dungeon, and saw 2 of its levels.

You collected 113 gold pieces.
You spent 71 gold pieces at shops.

Inventory:

Hand Weapons
 a - a +1 dagger (weapon)
 h - a +0 whip
Missiles
 b - a throwing net (quivered)
Armour
 e - a +0 robe (melded)
 g - a +0 plate armour
 j - a +0 ring mail


   Skills:
 + Level 3.8 Fighting
 - Level 1.0 Short Blades
 - Level 2.0 Dodging
 - Level 3.0 Stealth
 - Level 2.0 Spellcasting
 + Level 3.9 Hexes


You had 2 spell levels left.
You knew the following spells:

 Your Spells              Type           Power      Damage    Failure   Level
c - Confusing Touch       Hex            14%        N/A       12%         3
t - Tukima's Dance        Hex            14%        N/A       12%         3

Your spell library contained the following spells:

 Spells                   Type           Power      Damage    Failure   Level
 Ensorcelled Hibernation  Hex/Ice        14%        N/A       14%         2
 Dazzling Flash           Conj/Hex       14%        N/A       28%         3


Dungeon Overview and Level Annotations

Branches:
Dungeon (2/15)

Altars:

Shops:
D:2 !!*

Annotations:
D:2 Robin


Message History

You hit the goblin.
You kill the goblin!
The goblin no longer looks unusually strong.
The goblin hits you with a +0 dagger.
* * * LOW HITPOINT WARNING * * *
The goblin hits you but does no damage.
The goblins go into a battle-frenzy!
The goblin hits you but does no damage. The goblin completely misses you.
You hit the goblin.
You kill the goblin!
The goblin barely misses you. The goblin hits you but does no damage.
Something hits you but does no damage.
The goblin hits you but does no damage. x2
You cannot move.
You strike the helpless goblin from behind!
You puncture the goblin!
You kill the goblin!
The goblin hits you but does no damage. Something hits you but does no damage.
The goblin hits you but does no damage. x2
You closely miss the goblin. The goblin hits you but does no damage.
Something hits you but does no damage. The goblin hits you but does no damage.
The goblin barely misses you.
You catch the helpless goblin completely off-guard!
You puncture the goblin!
You kill the goblin!
The goblin hits you but does no damage. Something hits you!
* * * LOW HITPOINT WARNING * * *
The goblin hits you but does no damage.
You hit the goblin.
You kill the goblin!
You hear a zap.
A puff of flame appears from out of thin air!
The puff of flame hits you but does no damage.
The goblin hits you but does no damage.
You catch the helpless goblin completely off-guard!
You puncture the goblin!
You kill the goblin!
You hear a zap.
A puff of flame appears from out of thin air!
The puff of flame hits you!
You die...

#...#..###...... #.
#...#..# #...... .. #.
.....#..# #......
...#.#####..#..# #......
...#........#..# #......
.........#..#..#####'###
.#...w...##.#..#........
.....{).)##....#........
.#....)♣)###...#........
#....)).# #...#####.###
###### ######.## ##..#
#.# # #...<# #.# #..#
#.# # #.#### ..#####..#
#.# # #.
.........#####.### #∩ #.
.................## #.
#.###
##.######..####..## ..
.... #.##......# #..##


You could see a worm.

Vanquished Creatures
  An orc priest (D:2)
  3 adders (D:2)
  An adder skeleton (D:2)
  2 dart slugs (D:1)
  4 orcs
  4 ball pythons (D:1)
  8 endoplasms
  4 giant cockroaches (D:1)
  10 goblins
  3 hobgoblins (D:1)
  6 quokkas
  4 bats
  3 frilled lizards
  6 kobolds
  3 rats
62 creatures vanquished.

Vanquished Creatures (others)
  A dancing weapon (D:2)
  A goblin (D:2)
  A hobgoblin (D:2)
3 creatures vanquished.

Grand Total: 65 creatures vanquished

Notes
Turn   | Place    | Note
-------+----------+-------------------------------------------
     0 | D:1      | Armakuni the Human Enchanter began the quest for the Orb.
     0 | D:1      | Reached XP level 1. HP: 13/13 MP: 3/3
    71 | D:1      | Reached skill level 1 in Fighting
   300 | D:1      | Reached XP level 2. HP: 17/21 MP: 5/5
  1040 | D:1      | Found a faded altar of an unknown god.
  1092 | D:1      | Reached XP level 3. HP: 25/28 MP: 6/6
  1759 | D:1      | Learned a level 3 spell: Tukima's Dance
  2133 | D:1      | You fall into a shaft and drop 1 floor!
  2133 | D:2      | Found Vighugil's Distillery.
  2144 | D:2      | Bought a potion of curing for 33 gold pieces
  2144 | D:2      | Bought a potion of degeneration for 11 gold pieces
  2357 | D:2      | Found Reila's Distillery.
  2431 | D:2      | Found Paip Jyh's Assorted Antiques.
  2436 | D:2      | Bought a silvery potion for 27 gold pieces
  2442 | D:2      | Reached XP level 4. HP: 21/35 MP: 7/7
  2570 | D:2      | Learned a level 3 spell: Confusing Touch
  3597 | D:2      | Reached XP level 5. HP: 42/42 MP: 4/8
  3757 | D:2      | Noticed Robin
  3783 | D:2      | Killed from afar by Robin

Illustrated notes

Levels and vault maps discovered:
D:1:      ncdulo_smallfort, layout_loops_cross, serial_aquarium,
          aquarium_bridge_square [aquarium_subvault_bridge,
          aquarium_subvault_window, aquarium_subvault_bridge,
          aquarium_subvault_bridge], aquarium_bridge_long_joined
          [aquarium_subvault_window, aquarium_subvault_balcony,
          aquarium_subvault_wall, aquarium_subvault_bridge,
          aquarium_subvault_balcony, aquarium_subvault_bridge],
          aquarium_window_corner, aquarium_window_corridor_1, aquarium_view_2c,
          aquarium_view_2d, nicolae_ecumenical_lake_church, minmay_tromino_v7
D:2:      layout_basic, serial_shops, nicolae_shop_statue_plus, shop, shop,
          nicolae_shop_window_shopping, minmay_pentomino_pile, uniq_robin

Skill      XL: |  1  2  3 |
---------------+----------+-----
Fighting       | 1 2 3 |  3.8
Short Blades   | |  1.0
Dodging        | |  2.0
Stealth        | |  3.0
Spellcasting   | |  2.0
Hexes          | |  3.9

Action                   |  1- 3 |  4- 6 || total
-------------------------+-------+-------++-------
Melee: Dagger            |   131 |   162 ||   293
       Punch             |     1 |     3 ||     4
 Cast: Confusing Touch   |       |     6 ||     6
       Tukima's Dance    |       |     1 ||     1
  Use: Potion            |     1 |     6 ||     7
       Scroll            |     4 |       ||     4
 Stab: Sleeping          |     8 |     1 ||     9
       Confused          |       |     6 ||     6
       Invisible         |       |     6 ||     6
Armor: Skin              |    19 |    70 ||    89
       Robe              |    19 |    33 ||    52
Dodge: Dodged            |    54 |   133 ||   187
